 Dungeon Crawl Stone Soup version 0.30.1-4-g462c640d31 (webtiles) character file.

Game seed: 4364282026701028662

33098 Arunde the Cleaver (level 13, 0/104 HPs)
             Began as a Hill Orc Fighter on Sept 2, 2023.
             Was a High Priest of the Shining One.
             Succumbed to their own poison gas
             ... on level 14 of the Dungeon.
             The game lasted 01:43:09 (14514 turns).

Arunde the Cleaver (Hill Orc Fighter)              Turns: 14514, Time: 01:43:10

Health: 0/104      AC: 26    Str: 23    XL:     13   Next: 68%
Magic:  16/16      EV: 13    Int:  7    God:    the Shining One [*****.]
Gold:   552        SH: 13    Dex: 20    Spells: 12/12 levels left

rFire   + . .        N - +3 flail (flame)
rCold   . . .        z - +0 kite shield
rNeg    + + .        H - +1 plate armour
rPois   .            o - +0 helmet
rElec   .            v - +1 cloak
rCorr   +            e - +1 pair of gloves of the Inviting Gods {rF+ rCorr}
SInv    .            I - +2 pair of boots {Fly}
Will    .....        (no amulet) Stlth
                     h - +5 ring of evasion
HPRegen 0.37/turn    r - +6 ring of dexterity
MPRegen 0.15/turn

%: no passive effects
@: lethally poisoned (0 -> -7), flying, glowing
A: talons 1, agile 1, frail 1, MP-powered wands
a: Renounce Religion, Divine Shield, Cleansing Flame, Summon Divine Warrior


You were on level 14 of the Dungeon.
You worshipped the Shining One.
The Shining One was extremely pleased with you.
You visited 3 branches of the dungeon, and saw 17 of its levels.
You also visited: Ossuary.

You collected 870 gold pieces.
You spent 318 gold pieces at shops.

Inventory:

Hand Weapons
 u - a +1 short sword of venom
 x - a +1 hand axe of electrocution
 M - a +2 heavy trident
 N - a +3 flail of flaming (weapon)
Missiles
 q - 21 poisoned darts (quivered)
Armour
 b - a +0 barding
 e - the +1 pair of gloves of the Inviting Gods (worn) {rF+ rCorr}
   (You found it on level 11 of the Dungeon)

   rF:        It protects you from fire.
   rCorr:     It protects you from acid and corrosion.
 g - a scarf of resistance
 l - an orb of light
 o - a +0 helmet (worn)
 v - a +1 cloak (worn)
 z - a +0 kite shield (worn)
 H - a +1 plate armour (worn)
 I - a +2 pair of boots of flying (worn)
Jewellery
 h - a +5 ring of evasion (left hand)
 r - a +6 ring of dexterity (right hand)
 F - a ring of positive energy
 T - a ring of resist corrosion
Wands
 a - a wand of digging (3)
 J - a wand of polymorph (2)
 L - a wand of flame (2)
Scrolls
 j - 4 scrolls of noise
 n - 2 scrolls of vulnerability
 p - 6 scrolls of teleportation
 s - 4 scrolls of amnesia
 B - a scroll of fog
 R - a scroll of torment
Potions
 d - a potion of brilliance {unknown}
 f - a potion of ambrosia
 m - 2 potions of lignification
 w - 2 potions of magic
 C - 3 potions of flight
 D - 3 potions of invisibility
 E - 4 potions of haste
 O - a potion of degeneration


   Skills:
 + Level 11.2 Fighting
 + Level 12.9(15.6) Axes
 + Level 12.0(13.7) Maces & Flails
 + Level 1.4(7.1) Polearms
 + Level 1.3 Throwing
 + Level 11.3 Armour
 + Level 3.6 Dodging
 + Level 1.2 Stealth
 + Level 11.4 Shields
 + Level 4.7 Invocations
 + Level 2.4 Evocations


You had 12 spell levels left.
You didn't know any spells.
Your spell library contained the following spells:

 Spells                   Type           Power      Damage    Failure   Level
 Apportation              Tloc           0%         N/A       100%        1
 Freeze                   Ice            0%         1d3       100%        1
 Necrotise                Necr           0%         1d4       100%        1
 Sandblast                Erth           0%         2d4       100%        1
 Shock                    Conj/Air       0%         1d3       100%        1
 Summon Small Mammal      Summ           0%         N/A       100%        1
 Ensorcelled Hibernation  Hex/Ice        0%         N/A       100%        2
 Passwall                 Tmut/Erth      0%         N/A       100%        2
 Poisonous Vapours        Pois/Air       0%         N/A       100%        2
 Frozen Ramparts          Ice            0%         1d1       100%        3
 Hailstorm                Conj/Ice       0%         3d3       100%        3
 Mephitic Cloud           Conj/Pois/Air  0%         N/A       100%        3
 Ozocubu's Armour         Ice            0%         N/A       100%        3
 Spider Form              Tmut/Pois      0%         N/A       100%        3
 Stone Arrow              Conj/Erth      0%         3d7       100%        3
 Swiftness                Air            0%         N/A       100%        3
 Airstrike                Air            0%         2d(0-16)  100%        4
 Anguish                  Hex/Necr       0%         N/A       100%        4
 Summon Ice Beast         Ice/Summ       0%         N/A       100%        4
 Alistair's Intoxication  Tmut/Pois      0%         N/A       100%        5
 Blade Hands              Tmut           0%         N/A       100%        5
 Borgnjor's Vile Clutch   Necr/Erth      0%         N/A       100%        5
 Freezing Cloud           Conj/Ice/Air   0%         6-21      100%        5
 Irradiate                Conj/Tmut      0%         3d11      100%        5
 Iskenderun's Battlesphe  Conj           0%         2d6       100%        5
 Metabolic Englaciation   Hex/Ice        0%         N/A       100%        5
 Summon Forest            Summ/Tloc      0%         N/A       100%        5
 Summon Mana Viper        Hex/Summ       0%         N/A       100%        5
 Eringya's Noxious Bog    Tmut/Pois      0%         N/A       100%        6
 Iron Shot                Conj/Erth      0%         9d1       100%        6
 Simulacrum               Ice/Necr       0%         N/A       100%        6
 Dragon Form              Tmut           0%         N/A       100%        7
 Monstrous Menagerie      Summ           0%         N/A       100%        7
 Spellforged Servitor     Conj/Summ      0%         N/A       100%        7
 Summon Hydra             Summ           0%         N/A       100%        7


Dungeon Overview and Level Annotations

Branches:
Dungeon (14/15)            Temple (1/1) D:5            Lair (0/5) D:8
    Orc (2/2) D:12        Ossuary (visited)
    Elf: Orc:2       Vaults: D:13-14

Altars:
Ashenzari
Dithmenos
Gozag
Hepliaklqana
Okawaru
Qazlal
Ru
Trog
Vehumet
Wu Jian
Xom
Yredelemnul
The Shining One

Shops:
D:4 [**   D:5 :   D:7 **

Annotations:
D:10 Age's ghost, novice MiFi


Innate Abilities, Weirdness & Mutations

You have sharp toenails.
You are agile. (Dex +4, Str/Int -1)
You are frail. (-10% HP)
You expend magic power (3 MP) to strengthen your wands.


Message History

The Shining One accepts your kill.
Your base Maces & Flails skill increases to level 12!
You see here a +0 barding.
You see here a +0 barding.
b - a +0 barding
Found a book of Cantrips.
Okay, then.
As you read the scroll of magic mapping, it crumbles to dust.
You feel aware of your surroundings.
You sensed 1 shop/portal.
The air fills with toxic fumes!
As you read the scroll labelled MAFFIHIORANG, it crumbles to dust.
It was a scroll of poison.
As you read the scroll labelled CAXEUM TUWE, it crumbles to dust.
It is a scroll of enchant weapon.
Your +2 flail of flaming glows red for a moment.
Really fly into that cloud of poison gas? [Y]es or [N]o only, please.
Really fly into that cloud of poison gas?
You are engulfed in poison gas.
You are poisoned.
You feel very sick.
You are engulfed in poison gas.
You are more poisoned.
You feel extremely sick.
You are engulfed in poison gas.
You are more poisoned.
* * * LOW HITPOINT WARNING * * *
You feel extremely sick.
* * * LOW HITPOINT WARNING * * *
You feel extremely sick.
* * * LOW HITPOINT WARNING * * *
You feel very sick.
* * * LOW HITPOINT WARNING * * *
You feel very sick.
* * * LOW HITPOINT WARNING * * *
You feel very sick.
* * * LOW HITPOINT WARNING * * *
You feel very sick.
* * * LOW HITPOINT WARNING * * *
You feel very sick.
You die...

#....#.#......#
#......#.##.#.#
######§###.*#.#.#
#......###.##.#.##
#.##.......#..#..# *****
*.##.######..##..# *,,,*
#.#..............# *,,,*
#.#.......#......# *,,,*
##...@............### *,,,*
#.###..#.....#......# *,,,*
#.###..#.######...#.# *,,.#
#......#..........#.# *,..#
#...†#.#..#####.###.#
*...#***
####.#..............#
#....,,* #.#.##..##...#####
.....,,*******#.#.##..##...#
.....,,,,,,,,,...>##..##..##


There were no monsters in sight!

Vanquished Creatures
  4 two-headed ogres
  A death knight (D:10)
  A hydra (D:14)
  6 centaur warriors
  A boulder beetle (D:13)
  A tengu warrior (D:13)
  Nergalle (D:10)
  6 wizards (D:13)
  4 cyclopes
  2 manticores
  An ugly thing (D:10)
  An unseen horror (D:11)
  2 gargoyles
  A rime drake (D:8)
  A kobold demonologist (D:10)
  A tengu conjurer (D:13)
  A troll (D:10)
  A meliai (shapeshifter) (D:13)
  A polar bear (D:10)
  2 hornets
  Prince Ribbit (D:7)
  A centaur simulacrum (D:10)
  11 slime creatures
  3 wraiths
  A water elemental (D:14)
  24 yaks
  A wyvern (D:10)
  3 shadows (D:12)
  9 vampire mosquitoes
  An acid dragon (D:13)
  A two-headed ogre zombie (D:12)
  3 water moccasins
  3 ice beasts
  A black bear (D:7)
  9 orc warriors
  A sky beast (D:7)
  4 wolves
  A boggart (D:14)
  An ogre (D:5)
  18 centaurs
  4 phantoms
  3 elf zombies (Ossuary)
  A kobold brigand (D:11)
  A bullfrog (D:8)
  A gnoll sergeant (D:11)
  4 scorpions
  16 killer bees
  3 troll zombies (D:12)
  14 howler monkeys
  7 human zombies (Ossuary)
  A jelly (D:5)
  2 centaur zombies (Ossuary)
  14 orc priests
  5 hounds
  Crazy Yiuf (D:3)
  Jessica (D:2)
  3 iguanas
  2 sleepcaps
  13 orc wizards
  4 ogre zombies (D:12)
  3 mummies (Ossuary)
  Robin (D:2)
  11 gnolls
  A river rat (D:14)
  2 adders
  3 white imps
  2 dart slugs
  43 orcs
  6 ball pythons
  5 endoplasms
  2 giant cockroaches (D:1)
  14 goblins
  8 hobgoblins
  3 jackals (D:1)
  5 quokkas
  4 bats
  3 frilled lizards (D:1)
  A goblin skeleton (D:12)
  4 goblin zombies (D:12)
  3 hobgoblin zombies (D:12)
  11 kobolds
  3 orc skeletons (D:12)
  14 orc zombies (D:12)
  4 rats
  2 butterflies (D:9)
394 creatures vanquished.

Vanquished Creatures (others)
  An orc wizard (D:5)
  A gnoll (D:5)
2 creatures vanquished.

Grand Total: 396 creatures vanquished

Notes
Turn   | Place    | Note
-------+----------+-------------------------------------------
     0 | D:1      | Arunde the Hill Orc Fighter began the quest for the Orb.
     0 | D:1      | Reached XP level 1. HP: 19/19 MP: 1/1
   141 | D:1      | Reached XP level 2. HP: 16/27 MP: 2/2
   326 | D:1      | Reached XP level 3. HP: 26/33 MP: 3/3
   851 | D:2      | Noticed Robin
   867 | D:2      | Killed Robin
   868 | D:2      | Reached XP level 4. HP: 28/40 MP: 4/4
   933 | D:2      | Noticed Jessica
   945 | D:2      | Killed Jessica
  1150 | D:2      | Reached XP level 5. HP: 36/47 MP: 5/5
  1456 | D:3      | Reached skill level 5 in Axes
  1705 | D:3      | Reached XP level 6. HP: 39/49 MP: 6/6
  1937 | D:3      | Found a runed translucent door.
  1938 | D:3      | Noticed Crazy Yiuf
  2128 | D:3      | Found a faded altar of an unknown god.
  2502 | D:3      | Gained mutation: You have an increased reservoir of magic.
                  | (+10% MP) [potion of mutation]
  2502 | D:3      | Gained mutation: You are agile. (Dex +4, Str/Int -1)
                  | [potion of mutation]
  2502 | D:3      | Gained mutation: You are frail. (-10% HP) [potion of
                  | mutation]
  2506 | D:3      | Killed Crazy Yiuf
  2507 | D:3      | Reached skill level 1 in Dodging
  2813 | D:4      | Lost mutation: You are agile. (Dex +4, Str/Int -1) [potion
                  | of mutation]
  2813 | D:4      | Lost mutation: You are frail. (-10% HP) [potion of
                  | mutation]
  2813 | D:4      | Gained mutation: You occasionally lose the ability to drink
                  | potions when taking damage. [potion of mutation]
  2813 | D:4      | Gained mutation: Your spells are a little easier to cast,
                  | but a little less powerful. [potion of mutation]
  2813 | D:4      | Gained mutation: You possess an exceptional clarity of
                  | mind. [potion of mutation]
  2873 | D:4      | Reached skill level 5 in Armour
  2873 | D:4      | Reached XP level 7. HP: 58/60 MP: 7/7
  2882 | D:4      | Found a sand-covered staircase.
  3011 | D:4      | Found Fefagg's General Store.
  3011 | D:4      | Found Iteoraz's Assorted Antiques.
  3014 | D:4      | Found Pyen's Antique Armour Emporium.
  3107 | Ossuary  | Entered an ossuary
  3144 | Ossuary  | Reached skill level 5 in Fighting
  3254 | Ossuary  | Reached XP level 8. HP: 32/68 MP: 8/8
  3308 | D:5      | Entered Level 5 of the Dungeon
  3372 | D:5      | Found a staircase to the Ecumenical Temple.
  3435 | Temple   | Entered the Ecumenical Temple
  3450 | Temple   | Became a worshipper of the Shining One
  3479 | D:5      | Lost mutation: You have an increased reservoir of magic.
                  | (+10% MP) [potion of mutation]
  3479 | D:5      | Lost mutation: Your spells are a little easier to cast, but
                  | a little less powerful. [potion of mutation]
  3479 | D:5      | Lost mutation: You possess an exceptional clarity of mind.
                  | [potion of mutation]
  3479 | D:5      | Gained mutation: You are partially covered in iridescent
                  | scales. (AC +2) [potion of mutation]
  3479 | D:5      | Gained mutation: Your mind is acute. (Int +4, Str/Dex -1)
                  | [potion of mutation]
  3531 | D:5      | Found Olamauf's Tiny Tomes.
  3626 | D:5      | Found an ornate altar of the Wu Jian Council.
  3684 | D:5      | Found a stormy altar of Qazlal.
  3858 | D:5      | Reached skill level 10 in Axes
  3861 | D:5      | Reached skill level 5 in Shields
  3989 | D:5      | Reached XP level 9. HP: 75/78 MP: 9/9
  4294 | D:4      | Bought a scroll of identify for 24 gold pieces
  4666 | D:4      | Bought a +2 pair of boots of flying for 258 gold pieces
  5068 | D:7      | Noticed Prince Ribbit
  5079 | D:7      | You are sucked into a shaft and drop 2 floors!
  5264 | D:9      | Found a shimmering altar of Xom.
  5278 | D:9      | Reached skill level 1 in Stealth
  5405 | D:9      | Found a broken altar of Ashenzari.
  5408 | D:9      | Noticed a hornet
  5419 | D:9      | Killed a hornet
  5423 | D:9      | Reached * piety under the Shining One
  5445 | D:9      | Lost mutation: You occasionally lose the ability to drink
                  | potions when taking damage. [potion of mutation]
  5445 | D:9      | Lost mutation: Your mind is acute. (Int +4, Str/Dex -1)
                  | [potion of mutation]
  5445 | D:9      | Lost mutation: You are partially covered in iridescent
                  | scales. (AC +2) [potion of mutation]
  5445 | D:9      | Gained mutation: Your mind is acute. (Int +4, Str/Dex -1)
                  | [potion of mutation]
  5445 | D:9      | Gained mutation: Your body sometimes deteriorates upon
                  | taking damage. [potion of mutation]
  5445 | D:9      | Gained mutation: Your mind is very acute. (Int +8, Str/Dex
                  | -2) [potion of mutation]
  5499 | D:8      | Reached skill level 1 in Throwing
  5500 | D:8      | Noticed a rime drake
  5506 | D:8      | Reached XP level 10. HP: 88/88 MP: 10/10
  5528 | D:8      | Found a staircase to the Lair.
  5535 | D:8      | Lost mutation: Your mind is very acute. (Int +8, Str/Dex
                  | -2) [potion of mutation]
  5535 | D:8      | Lost mutation: Your body sometimes deteriorates upon taking
                  | damage. [potion of mutation]
  5535 | D:8      | Lost mutation: Your mind is acute. (Int +4, Str/Dex -1)
                  | [potion of mutation]
  5535 | D:8      | Gained mutation: You are clumsy. (Dex -2) [potion of
                  | mutation]
  5535 | D:8      | Gained mutation: You occasionally lose the ability to read
                  | scrolls when taking damage. [potion of mutation]
  5805 | D:8      | Found a flagged portal.
  6061 | D:8      | Lost mutation: You are clumsy. (Dex -2) [potion of
                  | mutation]
  6061 | D:8      | Lost mutation: You occasionally lose the ability to read
                  | scrolls when taking damage. [potion of mutation]
  6061 | D:8      | Gained mutation: You expend magic power (3 MP) to
                  | strengthen your wands. [potion of mutation]
  6061 | D:8      | Gained mutation: You are agile. (Dex +4, Str/Int -1)
                  | [potion of mutation]
  6061 | D:8      | Gained mutation: You are frail. (-10% HP) [potion of
                  | mutation]
  6061 | D:8      | Gained mutation: You have sharp toenails. [potion of
                  | mutation]
  6077 | D:8      | Found a bloodstained altar of Trog.
  6499 | D:7      | Found Eteilo's Specific Store.
  6500 | D:7      | Found Dymiages's General Store.
  6517 | D:7      | Bought a potion of curing for 36 gold pieces
  6756 | D:7      | Found a shadowy altar of Dithmenos.
  6772 | D:7      | Reached skill level 1 in Polearms
  6823 | D:7      | Reached skill level 1 in Invocations
  7064 | D:7      | Killed Prince Ribbit
  7065 | D:7      | Reached skill level 1 in Maces & Flails
  7669 | D:9      | Found a basalt altar of Yredelemnul.
  7670 | D:9      | Found an opulent altar of Gozag.
  8097 | D:9      | Noticed a two-headed ogre
  8105 | D:9      | Killed a two-headed ogre
  8106 | D:9      | Reached skill level 1 in Evocations
  8263 | D:10     | Entered Level 10 of the Dungeon
  8289 | D:10     | Found a radiant altar of Vehumet.
  8309 | D:10     | Reached XP level 11. HP: 65/85 MP: 11/13
  8316 | D:10     | Reached skill level 5 in Maces & Flails
  8345 | D:10     | Noticed a two-headed ogre
  8355 | D:10     | Killed a two-headed ogre
  8524 | D:10     | Found a runed translucent gate.
  8524 | D:10     | Found a runed translucent gate.
  8524 | D:10     | Found a runed translucent gate.
  8526 | D:10     | Noticed a ten-headed hydra
  8528 | D:10     | Noticed Age's ghost (novice MiFi)
  8682 | D:10     | Noticed a purple ugly thing
  8684 | D:10     | Noticed a death knight
  8687 | D:10     | Killed a purple ugly thing
  8698 | D:10     | Noticed a manticore
  8705 | D:10     | Killed a death knight
  8714 | D:10     | Killed a manticore
  8920 | D:10     | Found a hazy altar of Hepliaklqana.
  9439 | D:10     | Noticed a cyclops
  9451 | D:10     | Killed a cyclops
  9653 | D:10     | Noticed Nergalle
  9678 | D:10     | Killed Nergalle
  9678 | D:10     | Reached ** piety under the Shining One
  9679 | D:10     | Reached skill level 10 in Armour
 10150 | D:11     | Identified the +1 pair of gloves of the Inviting Gods {rF+
                  | rCorr}
 10257 | D:11     | Noticed a cyclops
 10265 | D:11     | Killed a cyclops
 10293 | D:11     | Noticed a cyclops
 10305 | D:11     | Killed a cyclops
 10306 | D:11     | Reached XP level 12. HP: 91/94 MP: 14/14
 10337 | D:11     | Noticed a centaur warrior
 10345 | D:11     | Killed a centaur warrior
 11159 | D:12     | Noticed a two-headed ogre
 11172 | D:12     | Killed a two-headed ogre
 11275 | D:12     | Noticed a two-headed ogre
 11292 | D:12     | Killed a two-headed ogre
 11293 | D:12     | Reached skill level 10 in Fighting
 11488 | D:12     | Found a staircase to the Orcish Mines.
 11488 | D:12     | Reached *** piety under the Shining One
 11549 | D:12     | Reached **** piety under the Shining One
 11631 | D:12     | Reached ***** piety under the Shining One
 11714 | D:12     | Found an iron altar of Okawaru.
 12222 | D:13     | Noticed a centaur warrior
 12230 | D:13     | Killed a centaur warrior
 12252 | D:13     | Reached skill level 10 in Maces & Flails
 12300 | D:13     | Noticed a tengu warrior
 12315 | D:13     | Killed a tengu warrior
 12505 | D:13     | Reached XP level 13. HP: 94/102 MP: 16/16
 12566 | D:13     | Reached skill level 10 in Shields
 13094 | D:13     | Identified the +9 shortbow "Fuisoud" {flame, rC+}
 13497 | Orc:1    | Entered Level 1 of the Orcish Mines
 13854 | Orc:2    | Entered Level 2 of the Orcish Mines
 14185 | D:14     | HP: 1/104 [slime creature (13)]
 14403 | D:14     | The Shining One protects you from harm!
 14512 | D:14     | HP: 4/104 [poisoned by you (poison gas)]
 14513 | D:14     | HP: 1/104 [poisoned by you (poison gas)]
 14514 | D:14     | Succumbed to their own poison gas

Illustrated notes

Levels and vault maps discovered:
D:1:      matt_arrival_los_fun, layout_rooms, dreamdust_wishing_well
D:2:      layout_loops_ring, uniq_robin, uniq_jessica
D:3:      layout_loops_corners, hellmonk_ecumenical_altar_inner_sanctum,
          uniq_crazy_yiuf_cottage
D:4:      layout_basic, nicolae_ossuary_entry_monument,
          nicolae_shop_distant_corner_stores
D:5:      layout_cave_pools, nicolae_wu_jian_wuxing_cycle, grunt_qazlal_clouds,
          minmay_temple_entry_trees, nicolae_shop_i_like_small_books_too
D:6:      layout_rooms
D:7:      layout_loops_corners, grunt_dithmenos_smoke, nicolae_specific_store,
          uniq_prince_ribbit1
D:8:      layout_loops_ring, bloody_trog, hellmonk_lair_entry_icy,
          enter_bailey_6, serial_co_window_serial, co_window_paths_b,
          co_window_corner_a, co_window_corner_a, co_window_paths_a,
          co_window_paths_a, co_window_broadway_b, co_window_broadway_c,
          co_window_cross_4, co_window_4corner_b, glass_columns_a,
          glass_columns_a
D:9:      layout_irregular_city, amethyst_overflow_temple_binary,
          xom_butterflies, nicolae_ashenzari_skybound
D:10:     minmay_cornered_nines, layout_cave_pools, old_standard_altar,
          mainiacjoe_overflow_small_starburst, gammafunk_ghost_hydra_chop,
          serial_ice, serial_ice_c, serial_ice_h, serial_ice_m, serial_ice_b,
          minmay_between, uniq_nergalle
D:11:     layout_roguey, grunt_ministairs_7
D:12:     layout_roguey, zombieorc2_lemuel, okawaru_altar_gauntlet_db
D:13:     minmay_wizard_corner, layout_irregular_city, unseen_surprise_small
D:14:     layout_basic, skrybe_vaults_entry_preservation, small_statue_alley_a,
          hangedman_decor_push
Temple:   nicolae_temple_hex_pool
Orc:1:    layout_caves
Orc:2:    st_orc_ogre_mass, layout_caves, basic_altar

Skill      XL: |  1  2  3  4  5  6  7  8  9 10 11 12 13 |
---------------+----------------------------------------+-----
Fighting       | 4 5 6 7 8 9 10 11 | 11.2
Axes           | 3 4 5 6 8 10 12 | 12.9
Armour         | 4 5 6 7 8 10 11 | 11.3
Dodging        | 1 2 3 |  3.6
Shields        | 4 5 6 7 9 11 | 11.4
Stealth        | 1 |  1.2
Throwing       | 1 |  1.3
Polearms       | 1 |  1.4
Invocations    | 3 4 |  4.7
Maces & Flails | 4 8 10 12 | 12.0
Evocations     | 1 2 |  2.4

Action                     |  1- 3 |  4- 6 |  7- 9 | 10-12 | 13-15 || total
---------------------------+-------+-------+-------+-------+-------++-------
  Melee: War axe           |    80 |   100 |       |       |       ||   180
         Hand axe          |       |    16 |   281 |    24 |       ||   321
         Flail             |       |       |       |   559 |   251 ||   810
         Trident           |       |       |       |    16 |       ||    16
  Throw: Dart              |       |       |     6 |     1 |       ||     7
 Invoke: Divine Shield     |       |       |       |    11 |     5 ||    16
         Cleansing Flame   |       |       |       |     1 |     1 ||     2
  Evoke: Wand              |       |       |       |    17 |    11 ||    28
    Use: Scroll            |       |     7 |     6 |    14 |     8 ||    35
         Potion            |       |     2 |     3 |    18 |    10 ||    33
 Armour: Scale mail        |    52 |    32 |    64 |       |       ||   148
         Plate armour      |       |       |    60 |   333 |   222 ||   615
         Skin              |       |       |       |    72 |     7 ||    79
  Dodge: Dodged            |    69 |    87 |   188 |   428 |   219 ||   991
  Block: Buckler           |    24 |    27 |    96 |   165 |       ||   312
         Kite shield       |       |       |       |   265 |   336 ||   601
